 Dungeon Crawl Stone Soup version 0.19-a0-35-g3484356 (webtiles) character file.

59684 zZzzzz the Thaumaturge (level 14, -16/84 HPs)
             Began as a Gargoyle Earth Elementalist on May 3, 2016.
             Was a High Priest of Vehumet.
             Demolished by a dire elephant (17 damage)
             ... on level 8 of the Lair of Beasts.
             The game lasted 01:56:24 (33013 turns).

zZzzzz the Thaumaturge (GrEE)                      Turns: 33013, Time: 01:56:24

Health: -16/84     AC: 21    Str: 10    XL:     14   Next: 96%
Magic:  2/30       EV: 16    Int: 27    God:    Vehumet [*****.]
Gold:   1027       SH:  0    Dex: 14    Spells: 8 memorised, 8 levels left

rFire  + + .     SeeInvis .     Q - +4 flail (crush)
rCold  . . .     Gourm    .     r - +2 robe of Icoh {rN+ Regen+ Str-3 Dex+2}
rNeg   + + .     Faith    .     (no shield)
rPois  ∞         Spirit   .     E - +2 hat {Int+3}
rElec  +         Dismiss  .     (no cloak)
rCorr  .         Reflect  .     p - +1 pair of gloves
SustAt .         Harm     .     y - +2 pair of boots of Luhuded {rF++ Int-2 Dex+2}
MR     +....                    h - amulet of rage
Stlth  ++........               t - +6 ring of intelligence
                                l - ring of wizardry

@: flying, very slightly contaminated, somewhat resistant to hostile
enchantments, unstealthy
A: big wings, negative energy resistance 1, electricity resistance, unbreathing,
petrification resistance, rot immunity, AC +9
a: Stop Flying, Renounce Religion, Evoke Berserk Rage


You were on level 8 of the Lair of Beasts.
You worshipped Vehumet.
Vehumet was extremely pleased with you.
You were hungry.

You visited 3 branches of the dungeon, and saw 19 of its levels.
You also visited: Labyrinth and Ossuary.

You collected 1459 gold pieces.
You spent 432 gold pieces at shops.

Inventory:

Hand Weapons
 k - the +6 Majin-Bo {vamp, Archmagi MP+6 Int+6}
   (You found it in a labyrinth)

   It inflicts no extra harm, but heals its wielder somewhat when it strikes a
   living foe.
   It affects your intelligence (+6).
   It affects your magic capacity (+6).
 Q - a +4 flail of crushing (weapon)
Missiles
 b - 581 stones (quivered)
Armour
 p - a +1 pair of gloves (worn)
 r - the +2 robe of Icoh (worn) {rN+ Regen+ Str-3 Dex+2}
   (You found it in a labyrinth)

   It affects your strength (-3).
   It affects your dexterity (+2).
   It protects you from negative energy.
   It increases your rate of regeneration.
 u - a +2 leather armour of cold resistance
 y - the +2 pair of boots of Luhuded (worn) {rF++ Int-2 Dex+2}
   (You found it in a labyrinth)

   It affects your intelligence (-2).
   It affects your dexterity (+2).
   It greatly protects you from fire.
 E - a +2 hat of intelligence (worn)
Jewellery
 h - an amulet of rage (around neck)
 l - a ring of wizardry (left hand)
 t - a +6 ring of intelligence (right hand)
 A - an uncursed ring of wizardry
 B - an uncursed ring of ice
 G - an uncursed ring of protection from cold {unknown}
 O - an uncursed ring of protection from fire
Wands
 e - a wand of digging (15/24)
 m - a wand of heal wounds (0/9)
 o - a wand of polymorph (1/24)
 z - a wand of random effects (35/48)
 K - a wand of lightning (3/15)
 N - a wand of lightning (0/15)
 P - a wand of disintegration (13/24)
Scrolls
 i - 6 scrolls of fog
 n - 3 scrolls of blinking
 s - 6 scrolls of teleportation
 C - a scroll of magic mapping
 I - 3 scrolls of amnesia
 S - 5 scrolls of remove curse
Potions
 a - 2 potions of resistance
 g - 5 potions of brilliance
 j - a potion of might
 q - 6 potions of flight
 x - a potion of curing
 M - 4 potions of cancellation
Books
 w - a Necronomicon

   Spells                             Type                      Level
   a - Haunt                          Necromancy/Summoning         7
   b - Borgnjor's Revivification      Necromancy                   8
   c - Death's Door                   Charms/Necromancy            8
   d - Necromutation                  Transmutation/Necromancy     8
Miscellaneous
 c - a phantom mirror
 D - a box of beasts
Comestibles
 d - 4 bread rations
 f - 7 meat rations
 v - 2 royal jellies
 F - a chunk of flesh


   Skills:
 + Level 8.6 Fighting
 + Level 8.2 Maces & Flails
 - Level 1.1(5.2) Staves
 - Level 6.0 Armour
 + Level 7.2 Dodging
 - Level 2.1 Stealth
 * Level 12.5 Spellcasting
 + Level 10.2 Conjurations
 - Level 0.7 Transmutations
 * Level 9.4 Fire Magic
 + Level 12.0 Earth Magic


You had 8 spell levels left.
You knew the following spells:

 Your Spells              Type           Power        Failure   Level  Hunger
a - Sandblast             Erth           ######       1%          1    None
b - Stone Arrow           Conj/Erth      ######       1%          3    None
c - Lee's Rapid Deconstr  Erth           ######....   1%          5    ###....
d - Mephitic Cloud        Conj/Pois/Air  #####...     1%          3    None
e - Fireball              Conj/Fire      ######....   1%          5    ###....
f - Bolt of Fire          Conj/Fire      ######....   1%          6    #####..
g - Bolt of Draining      Conj/Necr      #####.....   1%          5    ###....
h - Passwall              Trmt/Erth      ######....   1%          2    None


Dungeon Overview and Level Annotations

Branches:
Dungeon (10/15)            Temple (1/1) D:7            Lair (8/8) D:9
  Swamp (0/4) Lair:6        Snake (0/4) Lair:6        Slime (0/6) Lair:8
    Orc (0/2) D:9

Altars:
Ashenzari
Cheibriados
Dithmenos
Elyvilon
Fedhas
Gozag
Kikubaaqudgha
Makhleb
Nemelex Xobeh
Okawaru
Pakellas
Qazlal
Ru
Sif Muna
Trog
Vehumet
Xom
Yredelemnul
Zin
The Shining One
Beogh

Shops:
D:8 [   D:9 *

Annotations:
D:9 exclusion: orange crystal statue


Innate Abilities, Weirdness & Mutations

You are resistant to torment.
Your stone body is resilient (AC +9).
You are immune to poison.
Your large and strong wings let you fly indefinitely.
You resist negative energy.
You are resistant to electric shocks.
You can survive without breathing.
You are immune to petrification.
You are immune to rotting.


Message History

Press: ? - help, Shift-Dir - straight line, f/p - dire elephant
Aim: a dire elephant (almost dead)
The stone arrow hits the dire elephant.
The dire elephant is almost dead.
The dire elephant tramples you but does no damage.
The dire elephant closely misses you.
Casting: Stone Arrow
Confirm with . or Enter, or press ? or * to list all spells.
You don't have enough magic to cast that spell.
Unknown command.
You hit the dire elephant but do no damage.
The dire elephant is almost dead.
The dire elephant tramples you!
* * * LOW HITPOINT WARNING * * *
You hold your ground!
The dire elephant trunk-slaps you but does no damage.
You barely miss the dire elephant.
The dire elephant is almost dead.
The dire elephant tramples you!
You die...

##...≈#..#...
##'####.##...
#8.8#...#♣...
###...#.###....
#.#..##.##.....
###.'÷.#..#♣.....
#...†..#.##♣.....
##..#####.# ♣...P.
#@Y..#8...# #♣....
#....'..######..P.
#...##...'...#♣...
##...#####...##...
#...## #...##...
##..# #..P##.PP
##.♣ #...##.PP #♣8
#P..#♣PPP ♣[
######♣..


You could see a dire elephant.

Vanquished Creatures
  Rupert (Lair:5)
  Gastronok (D:9)
  Nessos (Lair:5)
  2 dire elephants (Lair:8)
  The ghost of Yendor the Eclecticist, a journeyman DEIE of Vehumet (Lair:6)
  The ghost of zZzzzz the Thaumaturge, a journeyman GrEE of Vehumet (Lair:5)
  A minotaur (Lab)
  An ice dragon (Lair:7)
  7 hydras
  Harold (Lair:2)
  Erolcha (D:8)
  An anaconda (Lair:8)
  A catoblepas (Lair:7)
  7 death yaks
  The ghost of xeno23 the Spear-Bearer, a novice TeGl of Ashenzari (D:9)
  Urug (Lair:2)
  The ghost of Potsanchik the Tainter, a novice FoVM of Ru (D:6)
  A griffon (Lair:7)
  5 oklob plants
  3 black mambas
  A torpor snail (Lair:7)
  16 spiny frogs
  A rime drake (Lair:8)
  8 komodo dragons
  A queen bee (D:9)
  A giant leech (Lair:6)
  The ghost of bosm the Spear-Bearer, an amateur MfAK of Lugonu (D:4)
  The ghost of Ylmarch the Magician, an amateur DrWz (Ossuary)
  5 boulder beetles
  15 blink frogs
  Sigmund (D:5)
  2 wyverns
  2 wraiths
  40 yaks
  5 hippogriffs
  A basilisk (Lair:4)
  2 nagas (Lair:6)
  18 water moccasins
  14 porcupines
  An eye of draining (Lair:3)
  11 orc warriors
  2 ice beasts (D:6)
  2 phantoms
  3 sky beasts
  A black bear (Lair:1)
  6 ogres
  5 centaurs
  9 wolves
  7 big kobolds
  14 crocodiles
  16 giant frogs
  A water moccasin zombie (D:8)
  4 scorpions
  26 killer bees (D:9)
  5 wights (D:8)
  9 howler monkeys
  An electric eel (Lair:3)
  4 crimson imps
  A wasp zombie (D:5)
  A quasit (D:8)
  A giant frog zombie (D:8)
  5 orc priests
  3 centaur skeletons
  3 hounds
  6 orc wizards
  14 iguanas
  Natasha (thrice) (D:2)
  4 worker ants
  A hell rat (D:9)
  16 sheep
  A hound skeleton (D:7)
  A mummy (Ossuary)
  A worker ant zombie (D:5)
  12 gnolls
  A howler monkey skeleton (D:5)
  9 adders
  95 river rats
  3 shadow imps
  3 white imps (Lair:7)
  3 oozes
  2 adder zombies (D:5)
  3 worms
  3 dart slugs
  6 giant geckos
  49 orcs
  A ball python (D:4)
  4 bats
  5 giant cockroaches
  6 goblins
  10 hobgoblins
  3 jackals (D:3)
  46 kobolds
  3 quokkas
  2 giant gecko skeletons
  7 giant newts
  5 gnoll skeletons (Ossuary)
  13 kobold skeletons (Ossuary)
  7 orc skeletons (Ossuary)
  10 rats
  2 fungi (Lair:5)
  6 plants
681 creatures vanquished.

Vanquished Creatures (others)
  A worker ant (D:8)
  A bush (D:4)
  19 fungi
  13 plants
34 creatures vanquished.

Grand Total: 715 creatures vanquished

Notes
Turn   | Place    | Note
--------------------------------------------------------------
     0 | D:1      | zZzzzz the Gargoyle Earth Elementalist began the quest for the Orb.
     0 | D:1      | Reached XP level 1. HP: 10/10 MP: 3/3
   385 | D:1      | Reached XP level 2. HP: 8/15 MP: 5/5
  1381 | D:2      | Reached XP level 3. HP: 19/19 MP: 4/7
  1386 | D:2      | Learned a level 3 spell: Stone Arrow
  1492 | D:2      | Found a glowing golden altar of the Shining One.
  1512 | D:2      | Noticed Natasha
  1524 | D:2      | Killed Natasha
  1550 | D:2      | Noticed Natasha
  1564 | D:2      | Killed Natasha
  1564 | D:2      | Reached skill level 1 in Conjurations
  1564 | D:2      | Reached XP level 4. HP: 19/24 MP: 3/9
  1618 | D:2      | Noticed Natasha
  1625 | D:2      | Killed Natasha
  1649 | D:2      | Found a basalt altar of Yredelemnul.
  1721 | D:2      | Reached XP level 5. HP: 19/28 MP: 10/10
  1728 | D:2      | Learned a level 5 spell: Lee's Rapid Deconstruction
  2909 | D:3      | Found a burning altar of Makhleb.
  2914 | D:3      | Reached skill level 5 in Earth Magic
  3455 | D:3      | You fall through a shaft!
  3618 | D:3      | Found a shattered altar of Ashenzari.
  3768 | D:4      | Noticed a centaur
  3787 | D:4      | Killed a centaur
  3787 | D:4      | Reached XP level 6. HP: 17/32 MP: 0/12
  4197 | D:4      | Found a blossoming altar of Fedhas.
  4245 | D:4      | Reached XP level 7. HP: 36/36 MP: 10/14
  4298 | D:4      | Reached skill level 5 in Spellcasting
  4398 | D:4      | Noticed bosm's ghost (amateur MfAK)
  4817 | D:4      | Killed bosm's ghost
  5110 | D:5      | Entered Level 5 of the Dungeon
  5132 | D:5      | Noticed Sigmund
  5205 | D:5      | Found a sand-covered staircase.
  5214 | Ossuary  | Entered an ossuary
  5214 | Ossuary  | Noticed a wraith
  5214 | Ossuary  | Noticed a wraith
  5214 | Ossuary  | Noticed a wraith
  5386 | Ossuary  | Reached XP level 8. HP: 41/41 MP: 14/16
  5444 | Ossuary  | Noticed Ylmarch's ghost (amateur DrWz)
  5472 | Ossuary  | Killed Ylmarch's ghost
  5643 | Ossuary  | Noticed a wraith
  5651 | Ossuary  | Killed a wraith
  6075 | D:5      | Reached skill level 5 in Conjurations
  6166 | D:5      | Found a stormy altar of Qazlal.
  6211 | D:5      | Killed Sigmund
  6211 | D:5      | Reached skill level 1 in Maces & Flails
  6211 | D:5      | Reached skill level 1 in Armour
  6325 | D:5      | Found a bloodstained altar of Trog.
  6370 | D:5      | Found an oddly glowing altar of Pakellas.
  6374 | D:5      | Found a shimmering altar of Xom.
  6415 | D:5      | Reached skill level 1 in Fighting
  6790 | D:5      | Found an ancient bone altar of Kikubaaqudgha.
  7542 | D:5      | Reached XP level 9. HP: 32/47 MP: 19/19
  9302 | D:6      | Noticed Potsanchik's ghost (novice FoVM)
  9335 | D:6      | Killed Potsanchik's ghost
  9559 | D:6      | Reached XP level 10. HP: 56/56 MP: 7/22
  9952 | D:6      | Found a shattered altar of Ashenzari.
  9995 | D:6      | Found an opulent altar of Gozag.
 10837 | D:7      | Found a deep blue altar of Sif Muna.
 10874 | D:7      | Found a staircase to the Ecumenical Temple.
 10884 | Temple   | Entered the Ecumenical Temple
 10892 | Temple   | Became a worshipper of Vehumet
 11337 | D:7      | Found a glowing silver altar of Zin.
 11528 | D:8      | Noticed Erolcha
 11532 | D:8      | Killed Erolcha
 12086 | D:8      | Reached * piety under Vehumet
 12086 | D:8      | Offered knowledge of Flame Tongue by Vehumet.
 12106 | D:8      | Learned a level 1 spell: Flame Tongue
 12277 | D:8      | You fall through a shaft for 2 floors!
 12277 | D:10     | Entered Level 10 of the Dungeon
 12811 | D:9      | Learned a level 5 spell: Fireball
 12814 | D:9      | Noticed xeno23's ghost (novice TeGl)
 13203 | D:9      | Noticed Gastronok
 13436 | D:8      | Reached XP level 11. HP: 43/62 MP: 17/24
 13540 | D:8      | Found Ducvi's Armour Shoppe.
 14094 | D:9      | Reached skill level 1 in Fire Magic
 14403 | D:9      | Reached ** piety under Vehumet
 14403 | D:9      | Offered knowledge of Shock by Vehumet.
 14712 | D:9      | Reached skill level 5 in Armour
 15033 | D:9      | Found a roughly hewn altar of Beogh.
 15143 | D:9      | Offered knowledge of Mephitic Cloud by Vehumet.
 15184 | D:9      | Learned a level 3 spell: Mephitic Cloud
 15482 | D:9      | Killed Gastronok
 15482 | D:9      | Reached skill level 5 in Fighting
 15560 | D:9      | Found a staircase to the Orcish Mines.
 15707 | D:9      | Killed xeno23's ghost
 15707 | D:9      | Reached *** piety under Vehumet
 15868 | D:9      | Found a staircase to the Lair.
 15887 | D:9      | Reached skill level 5 in Maces & Flails
 16307 | D:9      | Found Qonoxin's General Store.
 16315 | D:9      | Bought a scroll of enchant weapon for 90 gold pieces
 16315 | D:9      | Bought an uncursed staff of earth for 300 gold pieces
 16315 | D:9      | Bought a scroll of magic mapping for 42 gold pieces
 16340 | D:9      | Learned a level 6 spell: Bolt of Fire
 16382 | D:9      | Noticed an orange crystal statue
 16655 | D:9      | Offered knowledge of Dazzling Spray by Vehumet.
 17472 | Lair:1   | Entered Level 1 of the Lair of Beasts
 17507 | Lair:1   | Reached skill level 10 in Spellcasting
 17548 | Lair:1   | Reached XP level 12. HP: 62/68 MP: 1/26
 17805 | Lair:1   | Reached skill level 5 in Dodging
 18199 | Lair:1   | Noticed an eight-headed hydra
 18324 | Lair:1   | Killed an eight-headed hydra
 18324 | Lair:1   | Reached **** piety under Vehumet
 18324 | Lair:1   | Reached skill level 10 in Earth Magic
 19269 | Lair:1   | Offered knowledge of Bolt of Draining by Vehumet.
 19269 | Lair:1   | Reached skill level 5 in Fire Magic
 19276 | Lair:1   | Learned a level 5 spell: Bolt of Draining
 19724 | Lair:2   | Noticed Harold
 19756 | Lair:2   | Killed Harold
 19988 | Lair:2   | Noticed Urug
 19994 | Lair:2   | Killed Urug
 20749 | Lair:3   | Got a translucent chain mail
 20850 | Lair:3   | Noticed Sonja
 20853 | Lair:3   | Noticed Sonja
 20853 | Lair:3   | Sonja changed into Sonja the eye of draining
 20857 | Lair:3   | Killed Sonja the eye of draining
 21198 | Lair:3   | Learned a level 2 spell: Passwall
 21716 | Lair:3   | Noticed a four-headed hydra
 21740 | Lair:3   | Killed a four-headed hydra
 22037 | Lair:3   | Reached XP level 13. HP: 76/76 MP: 15/27
 22460 | Lair:4   | Found a labyrinth entrance.
 22466 | Lab      | Entered a labyrinth
 22889 | Lab      | Noticed a minotaur
 22892 | Lab      | Killed a minotaur
 23000 | Lab      | Got a heavy robe
 23000 | Lab      | Got a pair of bloodstained boots
 23012 | Lab      | Identified the +2 robe of Icoh {rN+ Regen+ Str-3 Dex+2} (You found it in a labyrinth)
 23022 | Lab      | Identified the +2 pair of boots of Luhuded {rF++ Int-2 Dex+2} (You found it in a labyrinth)
 23783 | Lair:4   | Identified Otiu's Compendium of Mutagenic Venom
 24820 | Lair:5   | Noticed zZzzzz's ghost (journeyman GrEE)
 25476 | Lair:5   | Killed zZzzzz's ghost
 25476 | Lair:5   | Reached skill level 1 in Staves
 26424 | Lair:5   | Reached ***** piety under Vehumet
 26424 | Lair:5   | Offered knowledge of Spellforged Servitor by Vehumet.
 26446 | Lair:5   | Noticed Rupert
 26453 | Lair:5   | Killed Rupert
 26665 | Lair:5   | Noticed Nessos
 26693 | Lair:5   | Killed Nessos
 27704 | Lair:6   | Noticed Yendor's ghost (journeyman DEIE)
 27708 | Lair:6   | Killed Yendor's ghost
 27708 | Lair:6   | Gained mutation: Your large and strong wings let you fly indefinitely. [Gargoyle growth]
 27708 | Lair:6   | Reached XP level 14. HP: 70/83 MP: 11/29
 27908 | Lair:6   | Found a staircase to the Snake Pit.
 27935 | Lair:6   | Found an iron altar of Okawaru.
 28766 | Lair:6   | Found a staircase to the Swamp.
 29893 | Lair:7   | Offered knowledge of Venom Bolt by Vehumet.
 30102 | Lair:8   | Entered Level 8 of the Lair of Beasts
 30769 | Lair:7   | Reached skill level 10 in Conjurations
 31654 | Lair:8   | Found a staircase to the Slime Pits.
 32856 | Lair:8   | Noticed a dire elephant
 32870 | Lair:8   | Killed a dire elephant
 32993 | Lair:8   | Noticed a dire elephant
 32993 | Lair:8   | Noticed a dire elephant
 33009 | Lair:8   | Killed a dire elephant
 33012 | Lair:8   | HP: 1/84 [dire elephant (12)]
 33013 | Lair:8   | Demolished by a dire elephant

Vault maps used:
D:1:      lemuel_arrival_behind_the_door_large
D:2:      lemuel_coloured_pillars_altar, kennysheep_flooded_box, uniq_natasha
D:3:      makhleb_heckhound_becter, first_bread, cheibrodos_ashenzari_chains
D:4:      fedhas_bush_and_centaur_altar, hangedman_abyss_or_decor_stabs
D:5:      minmay_goblin_kobold_castle, grunt_qazlal_clouds,
          kiku_gazebo_pond_becter, lemuel_doored_altar,
          grunt_temple_overflow_open, lightli_ossuary_entry_decrepit_ruins,
          bh_walls_and_bars, uniq_sigmund
D:6:      nicolae_gozag_cash_rules_everything_around_me,
          overflow_temple_1_default
D:7:      kennysheep_mini, overflow_temple_1_default, temple_hall
D:8:      serial_shops, nicolae_shop_window_shopping, uniq_erolcha
D:9:      minmay_statue_hallways, dpeg_lair_monsters, david_orc_5, serial_shops,
          shop, special_room, uniq_gastronok
Temple:   temple_eino_lava_8
Lair:1:   serial_bayou_shore_a, grunt_megastairs_4, infiniplex_staircase_pool_2
Lair:2:   lemuel_fruit_fields, uniq_urug, uniq_harold
Lair:3:   infiniplex_staircase_pool, uniq_sonja
Lair:4:   lab_entry_generic, minmay_hedge_maze
Lair:5:   boulder_quad_collide, uniq_nessos, uniq_rupert
Lair:6:   minmay_swamp_entry_worms, guppyfry_snake_entry_garden, basic_altar
Lair:7:   bobbens_ice_dragon_lair
Lair:8:   due_jungle_book, minmay_slime_entry_oklob_enclosed,
          eino_small_chamber_without_monster, serial_bayou_pond_e,
          serial_bayou_shore_b
Lab:      labyrinth_glass_1
Ossuary:  ossuary_due_mausoleum

Skill      XL: |  1  2  3  4  5  6  7  8  9 10 11 12 13 14 |
---------------+-------------------------------------------+-----
Earth Magic    | 4 5 6 7 8 9 10 11 12 | 12.0
Spellcasting   | 3 4 5 7 8 9 10 11 12 | 12.5
Conjurations   | 1 2 3 4 5 6 7 8 9 10 | 10.2
Maces & Flails | 1 3 4 5 6 7 8 |  8.2
Armour         | 1 3 4 5 6 |  6.0
Fighting       | 1 3 4 5 6 7 8 |  8.6
Dodging        | 2 3 4 5 6 7 |  7.2
Fire Magic     | 3 6 8 9 |  9.4
Staves         | 1 |  1.1
Stealth        | |  2.1
Transmutations | |  0.7

Action                   |  1- 3 |  4- 6 |  7- 9 | 10-12 | 13-15 || total
-------------------------+-------+-------+-------+-------+-------++-------
Melee: Club              |    38 |       |       |       |       ||    38
       Short sword       |       |   191 |   470 |     2 |       ||   663
       Flail             |       |       |       |   527 |   559 ||  1086
       Staff             |       |       |       |    16 |       ||    16
       Quarterstaff      |       |       |       |       |   195 ||   195
 Cast: Sandblast         |    24 |    33 |    51 |    57 |    10 ||   175
       Stone Arrow       |       |     3 |    73 |   221 |   114 ||   411
       Lee's Rapid Decon |       |       |       |     5 |    13 ||    18
       Bolt of Fire      |       |       |       |    14 |    73 ||    87
       Fireball          |       |       |       |    14 |    34 ||    48
 Abil: Evoke Berserk Rag |       |       |       |       |     1 ||     1
       Fly               |       |       |       |       |     1 ||     1
Evoke: Wand              |       |     2 |       |     5 |     4 ||    11
  Use: Scroll            |     5 |     5 |     4 |    20 |    11 ||    45
       Potion            |     1 |     3 |     3 |     9 |    11 ||    27
 Stab: Sleeping          |     1 |     4 |     1 |     5 |     3 ||    14
       Distracted        |       |       |     1 |       |       ||     1
       Invisible         |       |       |       |    11 |       ||    11
  Eat: Chunk             |     2 |     9 |    14 |    26 |    25 ||    76
       Fruit             |       |       |     5 |     3 |    16 ||    24
       Royal jelly       |       |       |       |     2 |    10 ||    12
       Meat ration       |       |       |       |     1 |       ||     1
       Bread ration      |       |       |       |     2 |       ||     2
       Pizza             |       |       |       |       |     1 ||     1
Armor: Robe              |     7 |    72 |   294 |   327 |   453 ||  1153
       Skin              |       |       |       |       |    33 ||    33
Dodge: Dodged            |    25 |   152 |   413 |   605 |   890 ||  2085
